[Event "Early-Titled-Tuesday-Blitz-March-19-2024"]
[Site "Chess.com"]
[Date "2024.03.19"]
[Round "2"]
[White "Casper"]
[Black "Rodalquilar"]
[Result "1-0"]
[WhiteElo "2484"]
[BlackElo "2786"]
[TimeControl "180+1"]
[EndTime "8:18:26 PDT"]
[Termination "Casper won on time"]

1. Nf3 d5 2. b3 Bf5 3. Bb2 e6 4. e3 Nf6 5. c4 c6 6. Nc3 Nbd7 7. Be2 h6 8. O-O Bd6 9. d4 O-O 10. Re1 Qe7 11. Bd3 Bxd3 12. Qxd3 Rad8 13. Rad1 Rfe8 14. e4 dxc4 15. Qxc4 e5 16. g3 exd4 17. Nxd4 Be5 18. Nf5 Qc5 19. Ba1 Qxc4 20. bxc4 Nc5 21. f3 g6 22. Ne3 Bd4 23. Kf2 Bxc3 24. Bxc3 Nfxe4+ 25. fxe4 Nxe4+ 26. Kf3 Nxc3 27. Rxd8 Rxd8 28. Ng4 Rd3+ 29. Kf4 Rd4+ 30. Kf3 Rxc4 31. Re7 Rb4 32. Nxh6+ Kg7 33. Nxf7 Kf6 34. Rd7 Nxa2 35. Nd8 b5 36. Nxc6 Rb3+ 37. Kf4 a6 38. h4 Nb4 39. g4 Nxc6 40. Rd6+ Kf7 41.
Rxc6 a5 42. Kg5 Rb4 43. Rf6+ Ke7 44. Rxg6 a4 45. h5 Rb1 46. h6 a3 47. h7 a2 48.
h8=Q 1-0

[Event "Early-Titled-Tuesday-Blitz-March-19-2024"]
[Site "Chess.com"]
[Date "2024.03.19"]
[Round "2"]
[White "jup1978"]
[Black "ChessFanNM"]
[Result "1-0"]
[WhiteElo "2528"]
[BlackElo "2259"]
[TimeControl "180+1"]
[EndTime "8:18:26 PDT"]
[Termination "jup1978 won by resignation"]

1. e4 c6 2. Nf3 d5 3. Nc3 dxe4 4. Nxe4 Nf6 5. Qe2 Nxe4 6. Qxe4 Qd5 7. Qe3 Bg4 8. Be2 e6 9. d4 Nd7 10. O-O Nf6 11. c4 Qe4 12. b3 Be7 13. Bb2 O-O 14.
Rfe1 Qxe3 15. fxe3 a5 16. Bd3 a4 17. Ne5 Bb4 18. Rf1 a3 19. Bc1 Bh5 20. Rxf6 gxf6 21. Nd7 Bg6 22. Bxg6 hxg6 23. Nxf8 Kxf8 24. Kf2 f5 25. Ke2 Ke7 26. Bd2 Bd6 27. h3 b5 28.
c5 Bc7 29. Bb4 e5 30. Rd1 exd4 31. exd4 Ke6 32. Kd3 Bd8 33. Re1+ Kd7 34. Re2 Bf6 35. Bd2 Rh8 36. Bf4 Rh4 37. Be5 Be7 38. Bg3 Rh8 39. Bf4 Bf6 40. Be5 Bxe5 41. Rxe5 f6 42. Re3 g5 43. Rf3 f4 44. Rf2 Re8 45. Re2 Re3+ 46. Rxe3 fxe3 47. Kxe3 Ke6 48. g3 f5 49. h4 f4+ 50. gxf4 gxh4 51. Kf3 Kf5 52. d5 cxd5 53. c6 Ke6 54. f5+ Kd6 55. f6 d4 56. f7 Ke7 57.
c7 d3 58. c8=Q 1-0

[Event "Early-Titled-Tuesday-Blitz-March-19-2024"]
[Site "Chess.com"]
[Date "2024.03.19"]
[Round "2"]
[White "FARIZA2018"]
[Black "KNVB"]
[Result "0-1"]
[WhiteElo "2579"]
[BlackElo "2826"]
[TimeControl "180+1"]
[EndTime "8:18:27 PDT"]
[Termination "KNVB won by resignation"]

1. e4 b6 2. d4 Bb7 3. Bd3 e6 4. Nf3 d5 5. e5 Ba6 6. Bxa6 Nxa6 7. O-O Qd7 8. Bf4 Ne7 9. Qe2 Nb8 10. Nbd2 Nbc6 11.
Rad1 Nf5 12. c3 Be7 13. Rfe1 Bd8 14. Nf1 Nce7 15. b3 Ng6 16. Bc1 h5 17. c4 c6 18.
Ne3 Nge7 19. a4 Rc8 20. Ba3 Nxe3 21. fxe3 Nf5 22. e4 dxe4 23. Qxe4 Be7 24. Bxe7 Nxe7 25. Ng5 g6 26. Rf1 Nf5 27. d5 cxd5 28. cxd5 exd5 29. Rxd5 Qe7 30. Nh3 O-O 31. Rd3 Ng7 32. Rdf3 Rc5 33. Re1 Re8 34. Qf4 Ne6 35. Qg3 Nd4 36. Rd3 Nf5 37.
Qf4 Rxe5 38. Rf1 Re1 39. Rf3 Rxf1+ 40. Rxf1 Qe3+ 41. Qxe3 Rxe3 42. Rb1 Nd4 43. b4 Rb3 44. Rd1 Rxb4 45. Ra1 a5 46. Kf2 Kf8 47. Nf4 Nb3 48.
Ra3 Rxf4+ 0-1

[Event "Early-Titled-Tuesday-Blitz-March-19-2024"]
[Site "Chess.com"]
[Date "2024.03.19"]
[Round "2"]
[White "RantomOpening"]
[Black "Seochesspie"]
[Result "0-1"]
[WhiteElo "2615"]
[BlackElo "2890"]
[TimeControl "180+1"]
[EndTime "8:18:28 PDT"]
[Termination "Seochesspie won by resignation"]

1. c4 Nf6 2. Nf3 e6 3. Nc3 b6 4. d4 Bb4 5. g3 Ba6 6. Qb3 c5 7. Bg2 Nc6 8. d5 Na5 9. Qc2 Bxc4 10. dxe6 Bxe6 11. O-O Bxc3 12. Qxc3 O-O 13. Ng5 Rc8 14.
Nxe6 fxe6 15. e4 Nc6 16. e5 Nd5 17. Bxd5 exd5 18. f4 Qe7 19. Bd2 d4 20. Qf3 Kh8 21. Rae1 Rce8 22. h4 Qf7 23. h5 h6 24. g4 Qxa2 25.
Bc1 Qf7 26. Qg3 Qd5 27. g5 d3 28. Bd2 hxg5 29. Qxg5 Nd4 30. Re3 Rf5 31. Qg4 Qf7 32.
Rxd3 Rxh5 33. Kg2 Qf5 34. Qxf5 Rxf5 35. Bc3 Ne6 36. Rxd7 Nxf4+ 37. Kh2 Rh5+ 38. Kg3 Ne2+ 39. Kg4 Rh2 40. e6 Nxc3 41. e7 Rxe7 42. Rxe7 Rxb2 43. Kg5 Rg2+ 44. Kh5 Nd5 45. Rxa7 Nf6+ 46. Kh4 b5 47. Ra8+ Kh7 48. Ra7 Kg6 49. Rc1 c4 50. Rb7 Rg4+ 51.
Kh3 Rg5 52. Kh4 Rh5+ 53. Kg3 Rc5 54. Rb1 c3 55. R1xb5 Rxb5 56. Rxb5 c2 57. Kh4 c1=Q 58. Rg5+ Qxg5+ 59. Kh3 Qa5 0-1

[Event "Early-Titled-Tuesday-Blitz-March-19-2024"]
[Site "Chess.com"]
[Date "2024.03.19"]
[Round "2"]
[White "Slovineanu"]
[Black "MikeWizard"]
[Result "1-0"]
[WhiteElo "2480"]
[BlackElo "2121"]
[TimeControl "180+1"]
[EndTime "8:18:28 PDT"]
[Termination "Slovineanu won on time"]

1. d4 Nf6 2. Nf3 g6 3. Nbd2 Bg7 4. e4 d6 5. Bb5+ c6 6. Bd3 O-O 7. O-O Qc7 8. Re1 e5 9. dxe5 dxe5 10. a4 h6 11. b3 Nbd7 12. Nc4 Re8 13. Ba3 Nb6 14. Nd6 Rd8 15. a5 Nbd7 16. Bc4 Rf8 17. Nxc8 Rfxc8 18. Bd6 Qd8 19. Nxe5 Nxe5 20. Bxe5 Qe8 21. f4 Rd8 22. Qf3 b5 23. axb6 axb6 24. Rxa8 Rxa8 25. Bxf6 Bxf6 26.
e5 Ra2 27. Qg3 Bg7 28. f5 b5 29.
Bd3 g5 30. h4 Qd8 31. f6 Qd4+ 32. Qf2 Qxf2+ 33. Kxf2 Bf8 34. hxg5 hxg5 35. Kf3 Bb4 36. Rh1 Bc3 37. Ke4 c5 38. Kf5 Bd2 39. e6 fxe6+ 40. Kxe6 Ra6+ 41. Kf5 Ra2 42. Bxb5 Rxc2 43. Bc4+ Rxc4 44. bxc4 Kf7 45. Rh7+ Kg8 46. Rd7 Be3 47.
Kg6 1-0

[Event "Early-Titled-Tuesday-Blitz-March-19-2024"]
[Site "Chess.com"]
[Date "2024.03.19"]
[Round "2"]
[White "BallottiLuca"]
[Black "nekotyanof"]
[Result "0-1"]
[WhiteElo "2403"]
[BlackElo "2646"]
[TimeControl "180+1"]
[EndTime "8:18:29 PDT"]
[Termination "nekotyanof won by checkmate"]

1. e4 c5 2. Nf3 Nc6 3. d4 cxd4 4. Nxd4 Nf6 5. Nc3 e5 6. Ndb5 d6 7. Bg5 a6 8. Na3 b5 9. Nd5 Be7 10. Bxf6 Bxf6 11. c3 Rb8 12. Nc2 Bg5 13. a4 bxa4 14. Ncb4 Nxb4 15. Nxb4 Bd7 16. Bxa6 O-O 17. O-O Qb6 18.
Bd3 Ra8 19. Ra3 g6 20. Qe2 Rfb8 21. g3 h5 22. h4 Bd8 23. Rd1 Bg4 24. Qf1 Bxd1 25.
Qxd1 Qc5 26. Rxa4 Rxa4 27. Qxa4 Bb6 28. Qc2 Ra8 29. Na6 Qa5 30. Qe2 Kg7 31. Kg2 d5 32.
exd5 e4 33. Qxe4 Rxa6 34. Qe5+ Kg8 35. Qe8+ Kg7 36. Qe5+ Kh7 37. Bxa6 Qxa6 38. d6 Qb7+ 39. Kh2 Bxf2 40. Qf4 Ba7 41. b4 Kg8 42. Qf6 Qb6 43.
Kh3 Qc6 44. Qd8+ Kg7 45. Kh2 Qf3 46. d7 Qf2+ 47. Kh3 Qf1+ 48. Kh2 Bg1+ 49. Kh1 Bf2+ 50.
Kh2 Qg1+ 51. Kh3 Qxg3# 0-1

[Event "Early-Titled-Tuesday-Blitz-March-19-2024"]
[Site "Chess.com"]
[Date "2024.03.19"]
[Round "2"]
[White "ChempionBg"]
[Black "Lady_Nika"]
[Result "0-1"]
[WhiteElo "2367"]
[BlackElo "2581"]
[TimeControl "180+1"]
[EndTime "8:18:29 PDT"]
[Termination "Lady_Nika won by checkmate"]

1. d4 d5 2. c4 e6 3. Nf3 Nf6 4. g3 Be7 5. Bg2 O-O 6. O-O b6 7. cxd5 exd5 8. Nc3 Bb7 9. Ne5 Nbd7 10.
Bf4 c6 11. Rc1 Rc8 12. a3 a5 13. Qb3 Nxe5 14. dxe5 Nd7 15. e4 Nc5 16. Qd1 d4 17. Ne2 Ba6 18. Nxd4 Bxf1 19. Kxf1 Ne6 20. Nxe6 Qxd1+ 21.
Rxd1 fxe6 22. Bh3 Kf7 23. Be3 c5 24. Rd7 Rfd8 25. Rb7 Rb8 26. Ra7 h6 27. Ke2 Ra8 28. Rb7 Rdb8 29. Rd7 a4 30. Bg4 Rd8 31. Rb7 Rab8 32.
Ra7 b5 33. Bxc5 Re8 34. Bh5+ g6 35. Bxe7 Rxe7 36. Bxg6+ Kf8 37. Ra6 Kg7 38. Bh5 Rc7 39. Rxe6 Rc2+ 40. Kf3 Rf8+ 41. Kg4 Rfxf2 42. Re7+ Kg8 43.
h4 Rxb2 44. e6 Rbe2 45. Bf7+ Kf8 46. Re8+ Kg7 47. Rg8+ Kf6 48. Rg6+ Ke7 49. Rxh6 Rxe4+ 50. Kh5 Rf5+ 51. Kg6 Rf6+ 52. Kg7 Rxh6 53. Kxh6 b4 54.
axb4 a3 55. b5 a2 56. b6 a1=Q 57. b7 Qh8+ 58. Kg5 Qb8 59. h5 Qxb7 60. h6 Qd5+ 61. Kg6 Rg4+ 62. Kh7 Qg5 63. Kh8 Qxh6# 0-1

[Event "Early-Titled-Tuesday-Blitz-March-19-2024"]
[Site "Chess.com"]
[Date "2024.03.19"]
[Round "2"]
[White "alvarorodriguezavila"]
[Black "Lennis93"]
[Result "0-1"]
[WhiteElo "2345"]
[BlackElo "2770"]
[TimeControl "180+1"]
[EndTime "8:18:30 PDT"]
[Termination "Lennis93 won on time"]

1. e4 c5 2. d4 cxd4 3. c3 Nf6 4. e5 Nd5 5. cxd4 d6 6. Nf3 Nc6 7. Bc4 Nb6 8. Bb5 e6 9. O-O Bd7 10. Qe2 Nb4 11. Nc3 d5 12. a3 Bxb5 13. Nxb5 Nc6 14. Bg5 Qd7 15. Rac1 h6 16. Be3 a6 17. Nc3 Be7 18. Nd2 Na5 19. f4 g6 20. Kh1 h5 21.
f5 gxf5 22. Rc2 Nac4 23. Nxc4 Nxc4 24. Rfc1 h4 25. h3 b5 26. Nb1 Rc8 27. Bf2 Nb6 28. Rxc8+ Nxc8 29. Qc2 Nb6 30. Nd2 Bg5 31. Rd1 Nc4 32.
Nf3 Bd8 33. Ra1 Qe7 34. b3 Nxa3 35. Qc6+ Kf8 36. Qxa6 b4 37. Rc1 Kg7 38. Rc8 Qd7 39. Ra8 Qc7 40. Qf1 Qc2 41. Ra7 Qxb3 42. Be3 Qxe3 43.
Qa6 Re8 0-1

[Event "Early-Titled-Tuesday-Blitz-March-19-2024"]
[Site "Chess.com"]
[Date "2024.03.19"]
[Round "2"]
[White "wild3000"]
[Black "Iskusnyh"]
[Result "1-0"]
[WhiteElo "2425"]
[BlackElo "2637"]
[TimeControl "180+1"]
[EndTime "8:18:30 PDT"]
[Termination "wild3000 won on time"]

1. e4 e6 2. Nf3 d5 3. e5 c5 4.
b4 d4 5. Bd3 Nc6 6. bxc5 Bxc5 7. Ba3 Qa5 8. Qc1 Nxe5 9. Nxe5 Bxa3 10. Nxa3 Qxe5+ 11. Kf1 Nf6 12. Qb2 O-O 13. Nb5 Rd8 14. a4 Bd7 15. h3 Bc6 16. Re1 Qg5 17. Rg1 Qc5 18. Ra1 a6 19. Na3 Bd5 20. Nb1 e5 21. f3 e4 22. fxe4 Bxe4 23. g4 Bxd3+ 24. cxd3 Nd5 25.
Na3 Rd6 26. Qxb7 Rf6+ 27. Kg2 Rf8 28. Rgc1 Qd6 29. Rf1 Nf4+ 30. Kh1 Nxh3 31. Rxf6 Qxf6 32. Qg2 Nf2+ 33. Kg1 Nxd3 34. Rf1 Qe6 35. Nc2 Qd5 36. Qxd5 h6 37. Nxd4 Re8 38. Qxf7+ 1-0

[Event "Early-Titled-Tuesday-Blitz-March-19-2024"]
[Site "Chess.com"]
[Date "2024.03.19"]
[Round "2"]
[White "Chess_Gainz"]
[Black "Kostukov_Alex"]
[Result "1-0"]
[WhiteElo "2521"]
[BlackElo "2251"]
[TimeControl "180+1"]
[EndTime "8:18:30 PDT"]
[Termination "Chess_Gainz won on time"]

1. e4 c5 2. Nf3 g6 3. d4 cxd4 4. Nxd4 Bg7 5. Nc3 Nc6 6. Be3 Nf6 7. Bc4 Qa5 8. O-O Qb4 9. Bb3 Nxe4 10. Nxe4 Nxd4 11. c3 Ne2+ 12. Qxe2 Qxe4 13. Rad1 O-O 14. Bd5 Qf5 15. Bd4 Bxd4 16. Rxd4 e6 17. Bf3 d5 18. c4 dxc4 19. Rxc4 Rb8 20. Rc7 Qa5 21.
Rfc1 e5 22. a3 Be6 23. R7c5 Qb6 24. Qxe5 Rbd8 25. h3 Rd7 26. b4 Rfd8 27. Rc8 Rxc8 28. Rxc8+ Rd8 29. Rxd8+ Qxd8 30. Bxb7 Qd1+ 31. Kh2 Qd2 32.
Qb8+ Kg7 33. Qxa7 Qf4+ 34. g3 Qc1 35. Qd4+ Kg8 36. a4 h5 37. Bg2 Qa3 38. a5 Kh7 39. h4 Qa4 40. Qb6 Bc4 41. Qc7 Bb5 42. Qc5 Kg7 43. Qd4+ Kg8 44. Bd5 Qc2 45. Qf4 1-0

[Event "Early-Titled-Tuesday-Blitz-March-19-2024"]
[Site "Chess.com"]
[Date "2024.03.19"]
[Round "2"]
[White "Niilo1"]
[Black "valeriocarnicelli"]
[Result "0-1"]
[WhiteElo "2296"]
[BlackElo "2536"]
[TimeControl "180+1"]
[EndTime "8:18:31 PDT"]
[Termination "valeriocarnicelli won on time"]

1. e4 e5 2. Nf3 Nc6 3. Nc3 Nf6 4. Bb5 Bb4 5. O-O O-O 6. d3 d6 7. Ne2 Ne7 8. Ng3 c6 9. Ba4 Ng6 10. c3 Ba5 11. d4 Re8 12. Bc2 h6 13. h3 Bb6 14. Nf5 exd4 15. N3xd4 Nxe4 16. Qh5 Bxd4 17. Nxd4 Nf6 18. Qf3 d5 19. Rd1 Ne4 20. Nf5 Bxf5 21.
Qxf5 Re5 22. Qf3 Qe7 23. Be3 b6 24. Re1 Re8 25. a4 Ng5 26. Qg3 Ne4 27. Qf3 Nh4 28.
Qf4 g5 29. Qh2 Nf5 30. f4 Nxe3 31. Rxe3 Re6 32. fxg5 hxg5 33. Rf1 Nd2 34. Rxe6 Qxe6 35. Rd1 Qe3+ 36. Kh1 Nc4 37. Qc7 Nxb2 38. Rf1 Qe6 39.
Bf5 Qe2 40. Bd3 Qe7 41. Qxc6 Nxd3 42. Qxd5 Nf4 43. Qf5 Ng6 44. h4 gxh4 45. Qh5 Qe6 0-1

[Event "Early-Titled-Tuesday-Blitz-March-19-2024"]
[Site "Chess.com"]
[Date "2024.03.19"]
[Round "2"]
[White "blank0923"]
[Black "kpio91"]
[Result "0-1"]
[WhiteElo "2587"]
[BlackElo "2835"]
[TimeControl "180+1"]
[EndTime "8:18:32 PDT"]
[Termination "kpio91 won on time"]

1. Nf3 g6 2. e4 Bg7 3. d4 d6 4. Bc4 e6 5. O-O Ne7 6. Re1 a6 7. a4 b6 8. Nbd2 Bb7 9. Nf1 Nd7 10.
Ng3 O-O 11. c3 d5 12. Bd3 c5 13. e5 cxd4 14. cxd4 Nc6 15. Bg5 f6 16. exf6 Bxf6 17. Bh6 Re8 18. Ra3 Bg7 19. Qd2 Qf6 20. Bxg7 Kxg7 21. Bb1 Na5 22. Rc3 Rac8 23. h4 Rxc3 24. Qxc3 Rc8 25. Qd3 Nc4 26. Nh5+ gxh5 27. Qxh7+ Kf8 28.
Ng5 Re8 29. Qxh5 Re7 30. Nh7+ Rxh7 31. Qxh7 Ke8 32. h5 Bc6 33. h6 Nf8 34. Qg7 Qf4 35. h7 Nxh7 36. Qxh7 Bd7 37. Bg6+ Kd8 38. Qh2 Qd2 39. Qb8+ Ke7 40. Rf1 Qxd4 41. Qb7 Ne5 42. Bh5 Qe4 43. Qxa6 Bc6 44. Qe2 Qf4 0-1

[Event "Early-Titled-Tuesday-Blitz-March-19-2024"]
[Site "Chess.com"]
[Date "2024.03.19"]
[Round "2"]
[White "AttackSparrow"]
[Black "GMKrikor"]
[Result "1-0"]
[WhiteElo "2642"]
[BlackElo "2902"]
[TimeControl "180+1"]
[EndTime "8:18:33 PDT"]
[Termination "AttackSparrow won by checkmate"]

1. Nf3 d5 2. e3 Nf6 3. h3 g6 4.
d4 Bg7 5. Be2 O-O 6. O-O c5 7.
c3 Qc7 8. b3 Nbd7 9. Bb2 Rd8 10. Na3 e5 11. Rc1 a6 12. c4 e4 13. Nd2 dxc4 14.
Naxc4 b5 15. Ne5 Nxe5 16. dxe5 Nd5 17. a3 Bf5 18. Qc2 Bxe5 19. g4 Be6 20. Nxe4 Rac8 21. Nxc5 Bxb2 22. Qxb2 Qe7 23. b4 h5 24. Qe5 Rc6 25. Rfd1 Rcd6 26. Ne4 R6d7 27. gxh5 f6 28. Qg3 g5 29. Nc5 Rd6 30. Bg4 Bf7 31. Rd4 Nb6 32. Rxd6 Rxd6 33. Qf3 Nc4 34. Ne4 Rb6 35. Ng3 Kh8 36. Nf5 Qe5 37. Qa8+ Qe8 38. Qa7 Re6 39. h6 Qf8 40. Rd1 Bg6 41. Rd7 Ne5 42. Rg7 Rd6 43. Qc7 Rd1+ 44. Kg2 Qa8+ 45. f3 Bxf5 46.
Rh7+ Bxh7 47. Qg7# 1-0

[Event "Early-Titled-Tuesday-Blitz-March-19-2024"]
[Site "Chess.com"]
[Date "2024.03.19"]
[Round "2"]
[White "Boundless_Strike"]
[Black "temus_galaktionov"]
[Result "1-0"]
[WhiteElo "2629"]
[BlackElo "2865"]
[TimeControl "180+1"]
[EndTime "8:18:33 PDT"]
[Termination "Boundless_Strike won by checkmate"]

1. d4 c6 2. e4 g6 3. Nc3 d6 4. h4 Bg7 5. h5 Qb6 6. Be3 Qxb2 7. Na4 Qa3 8. c4 Nd7 9. h6 Bf6 10. Bc1 Qb4+ 11. Bd2 Qa3 12. Rh3 Qxh3 13. Nxh3 Bxd4 14. Bc3 Bxc3+ 15. Nxc3 Nxh6 16. Qd4 O-O 17. Be2 Nc5 18.
Ng5 f6 19. Nf3 Nf7 20. Kf1 a5 21. Kg1 a4 22. Ne1 e5 23. Qe3 Be6 24. Nd3 Nd7 25.
Rb1 Rfb8 26. c5 d5 27. exd5 cxd5 28. Nb5 Rc8 29. Nd6 Nxd6 30. cxd6 b6 31. Rc1 d4 32. Qd2 Rxc1+ 33. Qxc1 Ra7 34. a3 Kg7 35. Bf3 Nf8 36. Qc6 Nd7 37. Nb4 f5 38. Bd5 Kf6 39. Bxe6 Kxe6 40.
Qd5+ Kf6 41. Nc6 Ra6 42. Nd8 Nc5 43. d7 Ra7 44. Qf7+ Kg5 45. Ne6+ Nxe6 46. Qxe6 Ra8 47. d8=Q+ Rxd8 48. Qe7+ Kf4 49. Qxd8 b5 50. Qb6 d3 51. Qxb5 e4 52. Qc5 h5 53. g3+ Kg4 54. Qb4 g5 55. Qxa4 Kf3 56. Qd1# 1-0

[Event "Early-Titled-Tuesday-Blitz-March-19-2024"]
[Site "Chess.com"]
[Date "2024.03.19"]
[Round "2"]
[White "Zohid6"]
[Black "JiaHaoxiang"]
[Result "1-0"]
[WhiteElo "2890"]
[BlackElo "2614"]
[TimeControl "180+1"]
[EndTime "8:18:35 PDT"]
[Termination "Zohid6 won by resignation"]

1. e4 c5 2. Nf3 d6 3. Bb5+ Bd7 4.
Bxd7+ Qxd7 5. c4 Nf6 6. Nc3 g6 7. O-O Bg7 8. d3 O-O 9. a3 a6 10. Rb1 b5 11. b4 cxb4 12. axb4 Rc8 13. Nd5 Nxd5 14. cxd5 a5 15. bxa5 Rxa5 16. Bd2 Ra3 17. d4 Na6 18. Qe2 Rc2 19. Rfc1 Rxc1+ 20. Rxc1 b4 21.
Qc4 h5 22. h4 f6 23. Bxb4 Ra4 24. Qc8+ Qxc8 25. Rxc8+ Kf7 26. Bc3 Bh6 27. e5 Nb4 28. e6+ Kg7 29. Rc4 Nxd5 30. Rxa4 Nxc3 31. Ra7 Nd5 32.
g3 f5 33. Ra5 Nc7 34. d5 Kf6 35. Nd4 Bd2 36. Ra2 Bc3 37. Ne2 Bb4 38. Nf4 Bc5 39. Kg2 g5 40. hxg5+ Kxg5 41. Kf3 h4 42. gxh4+ Kxh4 43. Ng6+ Kg5 44. Nxe7 Kf6 45. Nc6 Nxd5 46. Re2 Nc7 47. e7 Ne8 48. Nb8 Kf7 49. Nd7 Bb4 50. Kf4 d5 51. Ne5+ Kf6 52. Nd7+ Kf7 53. Kxf5 Bxe7 54.
Ne5+ Kg7 55. f4 d4 56. Rg2+ Kf8 57. Ke6 Ng7+ 58. Rxg7 Kxg7 59. Kxe7 1-0

[Event "Early-Titled-Tuesday-Blitz-March-19-2024"]
[Site "Chess.com"]
[Date "2024.03.19"]
[Round "2"]
[White "esteban062000"]
[Black "viktorgen2021"]
[Result "0-1"]
[WhiteElo "2145"]
[BlackElo "2484"]
[TimeControl "180+1"]
[EndTime "8:18:36 PDT"]
[Termination "viktorgen2021 won on time"]

1. e4 g6 2. d4 Bg7 3. Nf3 d6 4. Nc3 Nf6 5. Bd3 Bg4 6. Be3 e5 7. dxe5 dxe5 8. Bb5+ Nbd7 9. h3 Bxf3 10. Qxf3 c6 11.
Bc4 O-O 12. O-O Qe7 13. Rad1 Nc5 14. Qe2 Ne6 15. Rd2 Nh5 16. Bxe6 Qxe6 17. Rfd1 Nf6 18. Bc5 Rfe8 19. Rd6 Qc8 20. Qf3 Nh5 21. Ne2 Re6 22.
Rd8+ Qxd8 23. Rxd8+ Rxd8 24. g4 Nf6 25. Bxa7 Rd2 26.
Bc5 Rxc2 27. Ba3 Rd2 28. Qe3 Rd7 29. Nc3 h5 30. g5 Ne8 31. h4 Nd6 32. Qd3 Bf8 33.
Ne2 Rd8 34. Qc3 Nb5 35. Qb3 Bxa3 36. bxa3 Red6 37. a4 Rd3 38. Qb4 Nd6 39. Ng3 Rd4 40. Qb6 Rd7 41. a5 Kg7 42. a6 bxa6 43. Qxa6 c5 44.
Qc6 Nb7 45. a4 c4 46. Qb5 c3 47. Qxe5+ Kh7 48. Nxh5 gxh5 49. Qf5+ Kg8 50. g6 c2 51.
gxf7+ Kf8 52. Qg5 Rxf7 0-1

[Event "Early-Titled-Tuesday-Blitz-March-19-2024"]
[Site "Chess.com"]
[Date "2024.03.19"]
[Round "2"]
[White "GnowReopard"]
[Black "Kazmin_Semyon"]
[Result "1-0"]
[WhiteElo "2810"]
[BlackElo "2536"]
[TimeControl "180+1"]
[EndTime "8:18:38 PDT"]
[Termination "GnowReopard won on time"]

1. e4 e6 2. d4 d5 3. e5 c5 4. c3 Nc6 5. Nf3 Bd7 6. Be2 f6 7. exf6 Nxf6 8. O-O Qc7 9. Na3 a6 10. Bg5 c4 11. Nc2 Bd6 12. Bh4 Ne4 13. Re1 b5 14. a4 O-O 15. Bg3 Bxg3 16. hxg3 Rab8 17.
axb5 axb5 18. Qc1 Be8 19. Ne3 Bh5 20. Rf1 b4 21. Qc2 Bg6 22. Qc1 bxc3 23. bxc3 Rb3 24. Nd1 Rfb8 25. Nd2 Na5 26. Nxe4 Bxe4 27. Bg4 Kf7 28. Qg5 Nc6 29. Ra6 R3b6 30. Rxb6 Rxb6 31. Ne3 Ne7 32. f3 Bd3 33. Rf2 h6 34. Qh4 Ng6 35. Bh5 Kg8 36. Bxg6 Bxg6 37. Ng4 Rb1+ 38. Kh2 Qa7 39. Ne5 Qa1 40. Qd8+ Kh7 41. g4 Rh1+ 42. Kg3 Qxc3 43. Nd7 Bb1 44. Nf8+ Kg8 45. Nxe6+ Kh7 46. Qe7 Qxd4 47. Nxd4 1-0

[Event "Early-Titled-Tuesday-Blitz-March-19-2024"]
[Site "Chess.com"]
[Date "2024.03.19"]
[Round "2"]
[White "JonaszBaum"]
[Black "Louis-Paulsen-Fan"]
[Result "1/2-1/2"]
[WhiteElo "2736"]
[BlackElo "2284"]
[TimeControl "180+1"]
[EndTime "8:18:38 PDT"]
[Termination "Game drawn - insufficient material"]

1. c4 e6 2. Nc3 d5 3. d4 c5 4. e3 Nc6 5. a3 a6 6. dxc5 Bxc5 7. b4 Be7 8. Bb2 Nf6 9. Nf3 O-O 10. Be2 dxc4 11.
Bxc4 b5 12. Bd3 Bb7 13. O-O Qb6 14. Ne4 Nxe4 15. Bxe4 Rfd8 16. Qc2 h6 17. Rad1 Rac8 18. Qb1 a5 19. bxa5 Nxa5 20. Bxb7 Qxb7 21. Qa1 Bf8 22.
Rxd8 Rxd8 23. Rd1 Rxd1+ 24. Qxd1 Nc4 25. Qb3 Qa6 26. Nd4 Bxa3 27. Bc3 b4 28. Be1 Ne5 29. h3 Qc4 30. Qxc4 Nxc4 31. Nb3 Kf8 32. Kf1 Ke7 33. Ke2 Kd6 34. Kd3 Ne5+ 35. Ke4 f5+ 36. Kf4 g5+ 37. Kg3 Nc4 38. Kf3 Kd5 39. Ke2 Nb6 40. f3 Na4 41. Kd3 Nc5+ 42. Nxc5 Kxc5 43. e4 b3 44. Bf2+ Kb5 45. exf5 exf5 46. Kc3 b2 47. Kc2 Kc4 48. h4 Bc5 49. Be1 Bd4 50.
hxg5 hxg5 51. g4 fxg4 52. fxg4 Kd5 53. Bd2 Bf6 54. Bxg5 Bxg5 55. Kxb2 Ke4 56. Kc2 Kf4 57. Kd3 Kxg4 1/2-1/2

[Event "Early-Titled-Tuesday-Blitz-March-19-2024"]
[Site "Chess.com"]
[Date "2024.03.19"]
[Round "2"]
[White "Mandaloriana19"]
[Black "Goryachkina"]
[Result "1/2-1/2"]
[WhiteElo "2359"]
[BlackElo "2648"]
[TimeControl "180+1"]
[EndTime "8:18:38 PDT"]
[Termination "Game drawn by repetition"]

1. c4 Nf6 2. g3 e6 3. Bg2 d5 4.
Nf3 d4 5. O-O Nc6 6. d3 e5 7. e3 Be7 8. exd4 exd4 9. Bg5 O-O 10. Nbd2 Nd7 11. Bxe7 Qxe7 12. Re1 Qd8 13. Nb3 a5 14.
Nbxd4 Nxd4 15. Nxd4 Nc5 16. Nb5 c6 17. d4 Ne6 18. d5 cxb5 19. dxe6 Bxe6 20. cxb5 Qb6 21. Qf3 Qxb5 22. Qxb7 Qxb7 23. Bxb7 Rab8 24. Bc6 Rxb2 25. Re5 Rc8 26. Ba4 Rxa2 27. Rxa2 Bxa2 28. Rxa5 g6 29.
Kg2 Be6 30. h4 Rc1 31. Kf3 h5 32. Kf4 Kg7 33. Be8 Rc2 34. Ke3 Rc3+ 35. Kf4 Bg4 36. Ra2 Kf6 37. Bb5 Rf3+ 38. Ke4 Rb3 39. Ba6 Be6 40. Rd2 Ra3 41. Be2 Ra4+ 42. Kf3 Rb4 43.
Kg2 Bf5 44. Bf3 Be4 45. Bxe4 Rxe4 46. Kf3 Re6 47. Kg2 Re5 48. Kf3 Re6 49. Kg2 Re5 50. Kf3 Re6 1/2-1/2

[Event "Early-Titled-Tuesday-Blitz-March-19-2024"]
[Site "Chess.com"]
[Date "2024.03.19"]
[Round "2"]
[White "Kolle05"]
[Black "bobo_panda"]
[Result "1-0"]
[WhiteElo "2573"]
[BlackElo "2355"]
[TimeControl "180+1"]
[EndTime "8:18:38 PDT"]
[Termination "Kolle05 won by checkmate"]

1. e4 c5 2. Nf3 d6 3. d4 cxd4 4. Nxd4 Nf6 5. Nc3 a6 6. Be2 e5 7. Nb3 Be7 8. O-O O-O 9. Qd3 Be6 10. Bd2 b5 11. a4 b4 12. Nd5 Bxd5 13. exd5 a5 14.
c3 bxc3 15. bxc3 Nbd7 16. c4 Ne8 17. f4 exf4 18. Bxf4 Bf6 19. Rab1 Be5 20. Nd4 Bxf4 21. Rxf4 Ne5 22. Qc3 Nc7 23. Nc6 Nxc6 24. dxc6 Qe7 25. Bf3 Rfb8 26. Rxb8+ Rxb8 27. Re4 Qg5 28. Qd4 Qc1+ 29.
Kf2 Qb2+ 30. Qxb2 Rxb2+ 31. Kg3 Kf8 32. Rd4 Ke7 33. c5 d5 34. Bxd5 Rb4 35. Bc4 Kf6 36. Kf4 Ne6+ 37. Bxe6 Rxd4+ 38. Ke3 Kxe6 39. Kxd4 Ke7 40.
Kd5 Kd8 41. Kd6 Kc8 42. g4 f6 43. h4 h5 44. gxh5 f5 45. Ke5 Kc7 46. Kxf5 Kxc6 47.
Kg6 Kxc5 48. Kxg7 Kb4 49. h6 Kxa4 50. h7 Kb3 51. h8=Q a4 52. Kf7 a3 53. Qa1 a2 54.
h5 Ka3 55. h6 Kb3 56. h7 Ka3 57. h8=Q Kb3 58. Qhc3+ Ka4 59. Qxa2+ Kb5 60. Qaa5# 1-0

[Event "Early-Titled-Tuesday-Blitz-March-19-2024"]
[Site "Chess.com"]
[Date "2024.03.19"]
[Round "2"]
[White "laziestwin"]
[Black "rhwr"]
[Result "1-0"]
[WhiteElo "2569"]
[BlackElo "2350"]
[TimeControl "180+1"]
[EndTime "8:18:38 PDT"]
[Termination "laziestwin won by resignation"]

1. c4 c5 2. Nf3 Nc6 3. Nc3 g6 4. g3 Bg7 5. Bg2 e6 6. O-O Nge7 7. e3 O-O 8. Rb1 a6 9. a3 Rb8 10.
b4 cxb4 11. axb4 b5 12. c5 d6 13. d4 dxc5 14. bxc5 b4 15. Ne4 a5 16. Nd6 Ba6 17.
Re1 Nd5 18. Bd2 Bd3 19. Ra1 f5 20. h4 h6 21. Qb3 Bb5 22. Nxb5 Rxb5 23. e4 fxe4 24.
Rxe4 Qd7 25. h5 g5 26. Rae1 Nd8 27. Bh3 a4 28. Qxa4 Rxf3 29. Rxe6 Qb7 30. Re8+ Rf8 31. Rxf8+ Bxf8 32. Bf1 Nc7 33. Bxb5 Qxb5 34. Qxb5 Nxb5 35.
Bxb4 Nxd4 36. Bc3 N8c6 37. Re4 Nb3 38. Re6 Nbd4 39. Rg6+ Kf7 40. Kg2 Bxc5 41. Rxh6 g4 42. Rg6 Ne5 43. Rg5 Kf6 44. Rg8 Ndf3 45. Rc8 Bd6 46. h6 Kg6 47. Re8 Kxh6 48. Re6+ Kg5 49. Rxd6 Kf5 50. Rd5 Ke4 51. Ra5 Nd3 52. Ra4+ Kf5 53. Kf1 Nde5 54. Rf4+ Kg5 55. Bxe5 Nxe5 56. Ke2 Nf3 57. Rxf3 gxf3+ 58. Kxf3 Kf5 59. g4+ Kg5 60.
Kg3 Kg6 61. f4 Kg7 62. Kh4 Kg8 63. f5 Kg7 64. Kg5 Kg8 65. f6 Kh8 66. Kg6 Kg8 67.
f7+ Kf8 68. g5 Ke7 69. Kg7 1-0

[Event "Early-Titled-Tuesday-Blitz-March-19-2024"]
[Site "Chess.com"]
[Date "2024.03.19"]
[Round "2"]
[White "BashiqChess"]
[Black "shirovin"]
[Result "1-0"]
[WhiteElo "2457"]
[BlackElo "2048"]
[TimeControl "180+1"]
[EndTime "8:18:38 PDT"]
[Termination "BashiqChess won on time"]

1. Nf3 Nf6 2. b3 g6 3. Bb2 Bg7 4. g3 c5 5. c4 Nc6 6. Bg2 O-O 7. O-O d5 8. cxd5 Nxd5 9. Bxg7 Kxg7 10. d4 cxd4 11.
Nxd4 Ndb4 12. Nxc6 Nxc6 13. Bxc6 bxc6 14. Qc2 Bf5 15.
e4 Bh3 16. Rd1 Qb6 17. Nc3 Rad8 18. Na4 Qb5 19. Qc3+ Kg8 20. Qe3 Bg4 21. f3 Be6 22.
Rac1 a5 23. Kf2 Qh5 24. h4 Qb5 25. Qe2 Qb7 26. Qe3 Rd6 27. Nc5 Qb4 28. Nxe6 fxe6 29.
Rxd6 Qxd6 30. Kg2 Rd8 31. Qf2 e5 32. Rc2 a4 33. bxa4 Ra8 34. Rc4 Qd3 35. Qc2 Qxc2+ 36. Rxc2 Rxa4 37. g4 Kf7 38. Kg3 Ke8 39. Rxc6 Rxa2 40.
Rc5 Ra3 41. Rxe5 Kf7 42. Rb5 Rd3 43. h5 1-0